 Dungeon Crawl Stone Soup version 0.31.0-11-ge490571c62 (webtiles) character file.

Game seed: 7777323004999363098

9570 ces the Skirmisher (level 11, -4/52 (54) HPs)
             Began as a Spriggan Hunter on Jan 30, 2024.
             Was an Initiate of Gozag.
             Slain by a two-headed ogre
             ... wielding a +0 giant club
              (5 damage)
             ... on level 11 of the Dungeon.
             The game lasted 00:25:01 (12599 turns).

ces the Skirmisher (Spriggan Hunter)               Turns: 12599, Time: 00:25:02

HP:   -4/52 (54)    AC:  4    Str:  7    XL:     11   Next: 24%
MP:   10/10         EV: 25    Int: 11    God:    Gozag
Gold: 249           SH:  0    Dex: 23    Spells: 8/10 levels left

rFire   . . .        a - +1 arbalest
rCold   . . .        (shield currently unavailable)
rNeg    . . .        c - +2 robe
rPois   +            (helmet restricted)
rElec   .            (no cloak)
rCorr   .            (gloves unavailable)
SInv    +            (boots unavailable)
Will    +....        e - amulet of magic regeneration
Stlth   +++++        o - ring of poison resistance
HPRegen 0.28/turn    (no ring)
MPRegen 0.52/turn

%: no passive effects
@: studying Staves, lightly drained, very quick
A: very small, no large weapons, unfitting armour, see invisible, speed 3, low
MP 1, MP-powered wands
a: Renounce Religion, Potion Petition, Call Merchant, Bribe Branch


You were on level 11 of the Dungeon.
You worshipped Gozag.
Gozag was aware of your devotion.
You visited 1 branch of the dungeon, and saw 11 of its levels.
You also visited: Sewer.

You collected 1654 gold pieces.
You spent 212 gold pieces at shops.
You paid 1193 gold pieces to Gozag.

Inventory:

Hand Weapons
 a - a +1 arbalest (weapon)
 b - the +12 dagger "Omuczaj" {antimagic, rF+ Will+ Stlth+}
   (You bought it in a shop on level 8 of the Dungeon)

   rF+:       It protects you from fire.
   Will+:     It increases your willpower.
   Stlth+:    It makes you more stealthy.
Armour
 c - a +2 robe (worn)
Jewellery
 e - an amulet of magic regeneration (around neck)
 j - a ring of fire
 o - a ring of poison resistance (left hand)
 E - a +6 ring of strength
Wands
 q - a wand of mindburst (3)
 y - a wand of paralysis (13)
 C - a wand of light (7)
 D - a wand of roots (4)
Scrolls
 g - 4 scrolls of teleportation
 k - 2 scrolls of revelation
 m - a scroll of amnesia {unknown}
 p - a scroll of acquirement {unknown}
 t - a scroll of torment {unknown}
 w - a scroll of noise
Potions
 d - a potion of brilliance
 f - a potion of enlightenment
 i - 4 potions of attraction
 l - 2 potions of mutation
 n - a potion of berserk rage
 r - 2 potions of resistance
 s - 2 potions of degeneration
 u - 2 potions of lignification
 v - a potion of cancellation
 x - a potion of might
 A - a potion of ambrosia
 B - a potion of haste


   Skills:
 + Level 4.8 Fighting
 - Level 2.2 Short Blades
 * Level 14.0 Ranged Weapons
 + Level 8.3 Dodging
 + Level 11.7 Stealth


You had 8 spell levels left.
You knew the following spells:

 Your Spells              Type           Power      Damage    Failure   Level
a - Ensorcelled Hibernat  Hex/Ice        0%         N/A       47%         2

Your spell library contained the following spells:

 Spells                   Type           Power      Damage    Failure   Level
 Magic Dart               Conj           0%         1d3       34%         1
 Necrotise                Necr           0%         1d4       34%         1
 Lesser Beckoning         Tloc           0%         N/A       47%         2
 Searing Ray              Conj           0%         2d4       47%         2
 Dazzling Flash           Conj/Hex       0%         N/A       71%         3
 Gell's Gravitas          Tloc           0%         N/A       71%         3
 Passwall                 Erth           0%         N/A       71%         3
 Swiftness                Air            0%         N/A       71%         3
 Teleport Other           Tloc           0%         N/A       71%         3
 Vampiric Draining        Necr           0%         2d6       71%         3
 Volatile Blastmotes      Fire/Tloc      0%         2d10      71%         3
 Fulminant Prism          Conj/Alch      0%         3d5       98%         4
 Martyr's Knell           Necr/Summ      0%         N/A       98%         4
 Olgreb's Toxic Radiance  Alch           0%         N/A       98%         4
 Curse of Agony           Necr           0%         N/A       100%        5
 Starburst                Conj/Fire      0%         6d3       100%        6
 Ozocubu's Refrigeration  Ice            0%         4d7       100%        7
 Discord                  Hex            0%         N/A       100%        8
 Maxwell's Capacitive Co  Air            0%         ∞         100%        8


Dungeon Overview and Level Annotations

Branches:
Dungeon (11/15)            Temple (0/1) D:7            Lair (0/5) D:8
    Orc (0/2) D:9           Sewer (visited)

Altars:
Elyvilon
Gozag
Hepliaklqana
Qazlal

Shops:
D:1 *   D:7 [   D:8 (   D:9 *

Portals:
Trove: D:10 (give +4 fire dragon scales)

Annotations:
D:3 Ijyb
D:8 3 runed translucent doors, Rangus's ghost, novice GnWn
D:9 Amaemon


Innate Abilities, Weirdness & Mutations

You are very small and have problems with some larger weapons.
You are too small for most types of armour.
You have supernaturally acute eyesight. (SInv)
You cover ground extremely quickly. (Speed+++)
Your magical capacity is low. (-10% MP)
You expend magic power (3 MP) to strengthen your wands.


Message History

The bolt hits the vampire mosquito!!
You destroy the vampire mosquito!
The vampire mosquito is distracted by your dazzling golden aura.
You shoot a bolt. The vampire mosquito buzzes angrily.
The bolt hits the vampire mosquito!
The vampire mosquito is no longer distracted by gold.
The vampire mosquito is moderately damaged.
You shoot a bolt.
The bolt completely misses the vampire mosquito.
The vampire mosquito is no longer distracted by gold.
A two-headed ogre comes into view.
It is wielding a +0 giant club and a +1 dire flail of draining.
You shoot a bolt. The two-headed ogre shouts in stereo!
The bolt hits the vampire mosquito!!
You destroy the vampire mosquito!
You shoot a bolt. The bolt hits the vampire mosquito.
The vampire mosquito is lightly damaged.
The vampire mosquito is distracted by your dazzling golden aura.
You shoot a bolt. The vampire mosquito buzzes angrily.
The bolt hits the vampire mosquito!
The vampire mosquito is no longer distracted by gold.
The vampire mosquito is severely damaged.
The vampire mosquito closely misses you. x2
You shoot a bolt.
The bolt completely misses the vampire mosquito.
The vampire mosquito barely misses you. The vampire mosquito misses you.
The vampire mosquito closely misses you.
You shoot a bolt. The bolt misses the vampire mosquito.
The vampire mosquito misses you.
You shoot a bolt. The bolt hits the two-headed ogre!
The two-headed ogre is lightly wounded.
The two-headed ogre hits you with a +0 giant club!!
* * * LOW HITPOINT WARNING * * *
The two-headed ogre hits you with a +1 dire flail of draining!
* * * LOW HITPOINT WARNING * * *
You feel drained.
You die...
Your body crumbles into a pile of gold.

#......# ####+##
#......# #.#
####'#### #<## #....#
#..# #####'#### ##.#
#........##### #.#
#........'...####'###
#........###.#...[..#
+........# #.@y.....#
#...(....# ###O.....#
#........# #......#
###+###### #......#
##'##### #..# ##.#
#'# #.......#


You could see a two-headed ogre and a vampire mosquito.

Vanquished Creatures
  Erica (D:11)
  Maurice (D:9)
  An orange demon (D:9)
  Psyche (D:8)
  2 shadows
  15 yaks
  7 vampire mosquitoes (D:11)
  A steam dragon (D:8)
  An acid dragon (D:9)
  3 water moccasins
  A sky beast (D:6)
  4 ice beasts
  4 black bears
  2 orc warriors
  3 ogres
  5 centaurs
  2 kobold brigands
  9 bullfrogs
  A scorpion (D:4)
  5 wights (D:8)
  3 howler monkeys
  2 gnoll boudas
  4 jellies
  5 orc priests
  7 hounds
  7 iguanas
  3 sleepcaps
  2 orc wizards
  17 gnolls
  11 adders
  2 river rats (Sewer)
  5 white imps
  4 ufetubi (D:5)
  2 dart slugs
  2 ribbon worms
  23 orcs
  8 bats
  12 endoplasms
  10 giant cockroaches
  11 hobgoblins
  2 jackals (D:3)
  16 kobolds
  6 quokkas
  10 ball pythons
  9 frilled lizards
  8 goblins
  6 rats
266 creatures vanquished.

Vanquished Creatures (others)
  An orc wizard (D:11)
  A gnoll (D:8)
2 creatures vanquished.

Grand Total: 268 creatures vanquished

Notes
Turn   | Place    | Note
-------+----------+-------------------------------------------
     0 | D:1      | ces the Spriggan Hunter began the quest for the Orb.
     0 | D:1      | Reached XP level 1. HP: 10/10 MP: 2/2
     0 | D:1      | Found Temuesue's General Store.
   178 | D:1      | Reached XP level 2. HP: 14/14 MP: 3/3
   532 | D:1      | Reached skill level 5 in Ranged Weapons
   539 | D:1      | Reached XP level 3. HP: 11/18 MP: 4/4
   883 | D:2      | Reached XP level 4. HP: 22/22 MP: 5/5
   929 | D:2      | Reached skill level 6 in Ranged Weapons
  1474 | D:2      | Gained mutation: You occasionally lose the ability to read
                  | scrolls when taking damage. [potion of mutation]
  1474 | D:2      | Gained mutation: You are weak. (Str -2) [potion of
                  | mutation]
  1474 | D:2      | Gained mutation: You are clumsy. (Dex -2) [potion of
                  | mutation]
  1475 | D:2      | Lost mutation: You are clumsy. (Dex -2) [potion of
                  | mutation]
  1475 | D:2      | Lost mutation: You occasionally lose the ability to read
                  | scrolls when taking damage. [potion of mutation]
  1475 | D:2      | Lost mutation: You are weak. (Str -2) [potion of mutation]
  1475 | D:2      | Gained mutation: Armour fits poorly on your strangely
                  | shaped body. [potion of mutation]
  1475 | D:2      | Gained mutation: You are somewhat resistant to further
                  | mutation. [potion of mutation]
  1694 | D:3      | Noticed Ijyb
  1697 | D:3      | Paralysed by Ijyb for 3 turns
  1710 | D:3      | Paralysed by Ijyb for 3 turns
  1905 | D:3      | Reached XP level 5. HP: 25/25 MP: 6/6
  2252 | D:4      | Reached skill level 7 in Ranged Weapons
  2262 | D:4      | Found a hazy altar of Hepliaklqana.
  2324 | D:4      | Reached XP level 6. HP: 30/30 MP: 7/7
  2712 | D:3      | Reached skill level 8 in Ranged Weapons
  2942 | D:4      | Reached XP level 7. HP: 33/33 MP: 8/8
  3053 | D:4      | Reached skill level 9 in Ranged Weapons
  3425 | D:5      | Entered Level 5 of the Dungeon
  3581 | D:5      | Reached skill level 10 in Ranged Weapons
  3590 | D:5      | Reached XP level 8. HP: 37/37 MP: 9/9
  3704 | D:5      | Found a glowing drain.
  3718 | Sewer    | Entered a sewer
  3946 | Sewer    | Found a viscous altar of Jiyva.
  4085 | D:5      | Reached skill level 11 in Ranged Weapons
  4580 | D:5      | Found a white marble altar of Elyvilon.
  5532 | D:6      | Reached skill level 12 in Ranged Weapons
  5532 | D:6      | Reached XP level 9. HP: 42/42 MP: 10/10
  6338 | D:7      | Found an opulent altar of Gozag.
  6369 | D:7      | Found Enir's Armour Shop.
  6398 | D:7      | Became a worshipper of Gozag Ym Sagoz the Greedy
  6519 | D:7      | Found a staircase to the Ecumenical Temple.
  7041 | D:8      | Reached skill level 5 in Stealth
  7066 | D:8      | Reached skill level 5 in Dodging
  7503 | D:8      | Found Zatwaal's Antique Weapon Boutique.
  8314 | D:8      | Bought an encrusted dagger for 161 gold pieces
  8314 | D:8      | Identified the +12 dagger "Omuczaj" {antimagic, rF+ Will+
                  | Stlth+} (You bought it in a shop on level 8 of the Dungeon)
  8378 | D:8      | Found a staircase to the Lair.
  8421 | D:8      | Noticed Psyche
  8456 | D:8      | Killed Psyche
  8457 | D:8      | Reached skill level 13 in Ranged Weapons
  8457 | D:8      | Reached XP level 10. HP: 49/49 MP: 4/11
  8935 | D:8      | Found a runed translucent gate.
  8936 | D:8      | Found a runed translucent gate.
  8937 | D:8      | Found a runed translucent gate.
  8942 | D:8      | Noticed Rangus's ghost (novice GnWn)
  9238 | D:9      | Found a staircase to the Orcish Mines.
  9740 | D:9      | Noticed Maurice
  9761 | D:9      | Killed Maurice
  9762 | D:9      | Reached skill level 1 in Short Blades
 10060 | D:9      | Lost mutation: You are somewhat resistant to further
                  | mutation. [potion of mutation]
 10060 | D:9      | Lost mutation: Armour fits poorly on your strangely shaped
                  | body. [potion of mutation]
 10060 | D:9      | Gained mutation: You are dopey. (Int -2) [potion of
                  | mutation]
 10060 | D:9      | Gained mutation: You passively map a small area around you.
                  | [potion of mutation]
 10063 | D:9      | Lost mutation: You passively map a small area around you.
                  | [potion of mutation]
 10063 | D:9      | Lost mutation: You are dopey. (Int -2) [potion of mutation]
 10063 | D:9      | Gained mutation: Your magical capacity is low. (-10% MP)
                  | [potion of mutation]
 10063 | D:9      | Gained mutation: You expend magic power (3 MP) to
                  | strengthen your wands. [potion of mutation]
 10302 | D:9      | Noticed Amaemon
 10302 | D:9      | Noticed an orange demon
 10315 | D:9      | Found Piroh's General Store.
 10328 | D:9      | Bought a scroll of teleportation for 51 gold pieces
 10679 | D:9      | Killed an orange demon
 10680 | D:9      | Reached skill level 10 in Stealth
 10715 | D:10     | Entered Level 10 of the Dungeon
 10809 | D:10     | Found a stormy altar of Qazlal.
 10956 | D:10     | Found a portal to a secret trove of treasure.
 11244 | D:10     | Reached XP level 11. HP: 54/54 MP: 10/10
 11445 | D:10     | Learned a level 2 spell: Ensorcelled Hibernation
 11481 | D:11     | Noticed Erica
 11499 | D:11     | Killed Erica
 12589 | D:11     | Reached skill level 14 in Ranged Weapons
 12593 | D:11     | Noticed a two-headed ogre
 12599 | D:11     | HP: 1/54 [two-headed ogre/+0 giant club (15)]
 12599 | D:11     | Slain by a two-headed ogre

Illustrated notes

Levels and vault maps discovered:
D:1:      dpeg_arrival_tiny_a, layout_basic, serial_shops, shop
D:2:      layout_basic, minmay_ruptured
D:3:      layout_loops_cross, glass_columns_a, uniq_ijyb
D:4:      layout_gridville, marbit_many_paths
D:5:      layout_basic, general_overflow_altar, gup_sewer_entry_pipe,
          minmay_manual_macuahuitl
D:6:      layout_loops_ring
D:7:      nicolae_cairo_tiling_large_dashed, layout_basic,
          nicolae_gozag_seed_capital, temple_fountains, serial_shops, shop
D:8:      corexii_shack_village, layout_gridville, due_lair_maze_entry_diamond,
          ebering_ghost_rock_garden, serial_shops, nicolae_shop_trees,
          uniq_psyche
D:9:      layout_cave_pools, minmay_orc_entry_temple_small, serial_shops, shop,
          uniq_amaemon, uniq_maurice
D:10:     layout_roguey, nicolae_qazlal_scattered_showers, enter_trove_6
D:11:     layout_roguey, uniq_erica

Skill      XL: |  1  2  3  4  5  6  7  8  9 10 11 |
---------------+----------------------------------+-----
Ranged Weapons | 5 6 7 8 10 12 13 14 | 14.0
Dodging        | 3 6 7 8 |  8.3
Stealth        | 3 6 11 | 11.7
Fighting       | 2 3 4 |  4.8
Short Blades   | 2 |  2.2

Action                     |  1- 3 |  4- 6 |  7- 9 | 10-12 || total
---------------------------+-------+-------+-------+-------++-------
  Melee: Dagger            |       |       |     5 |    13 ||    18
   Fire: Shortbow          |    72 |   135 |   597 |   175 ||   979
         Arbalest          |       |       |       |   105 ||   105
         Orcbow            |       |       |       |    38 ||    38
 Invoke: Potion Petition   |       |       |       |     2 ||     2
  Evoke: Wand              |       |       |     4 |    11 ||    15
    Use: Scroll            |       |     6 |    11 |     6 ||    23
         Potion            |       |     2 |     3 |     2 ||     7
   Stab: Sleeping          |       |       |     4 |     5 ||     9
         Distracted        |       |       |     1 |       ||     1
 Armour: Robe              |     3 |    24 |    55 |    27 ||   109
  Dodge: Dodged            |    11 |    67 |   123 |    95 ||   296
